[Event "41st Jacques-Lemans-Open 2022"]
[Site "St. Veit/Glan"]
[Date "2022.07.10"]
[Round "2.27"]
[White "Caruso, Augusto"]
[Black "Huber, Mario"]
[Result "1-0"]
[ECO "C25"]
[WhiteElo "2132"]
[BlackElo "2125"]
[Annotator "RC"]
[PlyCount "99"]
[EventDate "2022.07.09"]
[EventType "swiss"]
[EventCountry "AUT"]
[SourceTitle "playchess.com"]
[Source "ChessBase"]
[SourceQuality "1"]
[TimeControl "40/5400+30:1800+30"]

1. e4 e5 2. Nc3 Nc6 3. f4 d6 4. Bc4 Nf6 5. d3 Na5 6. Nf3 Nxc4 7. dxc4 exf4 8. Bxf4 Be7 9. Qe2 Bd7 10. O-O-O O-O 11. h3 Re8 12. c5 Nh5 13. Bh2 Bg5+ 14. Kb1 Bf4 15. g4 Bxh2 16. Qxh2 Nf6 17. e5 Bc6 18. Rhf1 Bxf3 19. Rxf3 Rxe5 20. cxd6 cxd6 21. Rfd3 Qe7 22. Rxd6 Rc8 23. Qd2 Re8 24. g5 Ne4 25. Nxe4 Rxe4 26. Rd7 Qc5 27. a3 g6 28. Rxb7 Re2 29. Qd3 Qxg5 30. Rxa7 R8e3 31. Ra8+ Kg7 32. Qd4+ Kh6 33. Rg8 f6 34. Qb4 Re7 35. Rd4 Kh5 36. Rgd8 Kh6 37. Rh4+ Kg7 38. Qc4 R2e6 39. Ka2 h5 40. Rhd4 Qg2 41. Qc8 Qc6 42. Rg8+ Kh6 43. Qf8+ Kg5 44. h4+ Kf5 45. Qh6 Re4 46. Qxg6+ Ke5 47. Rd1 Qxc2 48. Qxh5+ f5 49. Qh8+ Kf4 50. Qh6+ 1-0

[Event "41st Jacques-Lemans-Open 2022"]
[Site "St. Veit/Glan"]
[Date "2022.07.10"]
[Round "2.28"]
[White "Hofbauer, Peter"]
[Black "Gschiel, Alexander"]
[Result "0-1"]
[ECO "B15"]
[WhiteElo "1986"]
[BlackElo "2215"]
[Annotator "RC"]
[PlyCount "82"]
[EventDate "2022.07.09"]
[EventType "swiss"]
[EventCountry "AUT"]
[SourceTitle "playchess.com"]
[Source "ChessBase"]
[SourceQuality "1"]
[TimeControl "40/5400+30:1800+30"]

1. e4 c6 2. d4 d5 3. Nc3 dxe4 4. Nxe4 Nf6 5. Nxf6+ exf6 6. Nf3 Bd6 7. Be2 O-O 8. O-O Re8 9. b3 Nd7 10. Bb2 Nf8 11. Nd2 Bc7 12. Bf3 Ne6 13. Re1 Ng5 14. Rxe8+ Qxe8 15. Be2 Qe7 16. Nf1 Bf5 17. Bd3 Qe6 18. Qd2 Bg4 19. Re1 Qd5 20. Qe3 Ne6 21. h3 Bh5 22. Ng3 Bg6 23. Bxg6 hxg6 24. c4 Qa5 25. a4 Rd8 26. Rb1 Bf4 27. Qd3 Qb6 28. Ne2 Be5 29. a5 Qxa5 30. Qe4 Bc7 31. Qc2 Qg5 32. b4 f5 33. b5 f4 34. f3 cxb5 35. d5 Nc5 36. Qc3 f6 37. cxb5 Qxd5 38. Qc2 Kh7 39. Bd4 Bb6 40. Kf1 Ne6 41. Bxb6 axb6 0-1

[Event "41st Jacques-Lemans-Open 2022"]
[Site "St. Veit/Glan"]
[Date "2022.07.10"]
[Round "2.29"]
[White "Wiens, Helmut"]
[Black "Erber, Siegfried"]
[Result "0-1"]
[ECO "A05"]
[WhiteElo "2196"]
[BlackElo "1967"]
[Annotator "RC"]
[PlyCount "74"]
[EventDate "2022.07.09"]
[EventType "swiss"]
[EventCountry "AUT"]
[SourceTitle "playchess.com"]
[Source "ChessBase"]
[SourceQuality "1"]
[TimeControl "40/5400+30:1800+30"]

1. Nf3 Nf6 2. e3 e6 3. c4 b6 4. Nc3 c6 5. Qc2 d5 6. b3 Be7 7. g4 h6 8. Bb2 Bb7 9. Rg1 Nbd7 10. Rc1 Rc8 11. Ne2 dxc4 12. bxc4 c5 13. Bg2 Qc7 14. Ng3 Bd6 15. Nh4 Bxg2 16. Nxg2 Ne5 17. Bxe5 Bxe5 18. f4 Bd6 19. h3 g5 20. Qc3 Ke7 21. Rf1 Qc6 22. Rf2 Ne4 23. Nxe4 Qxe4 24. Kf1 h5 25. d3 Qg6 26. Ke2 hxg4 27. f5 exf5 28. hxg4 f4 29. exf4 gxf4 30. Kd2 Rh2 31. Re1+ Kd7 32. Kc1 f3 33. Rxf3 Rxg2 34. Rf6 Qg5+ 35. Kb1 Rf8 36. Ref1 Be5 37. Qa3 Rb2+ 0-1

[Event "41st Jacques-Lemans-Open 2022"]
[Site "St. Veit/Glan"]
[Date "2022.07.10"]
[Round "2.30"]
[White "Mitscherling, Andreas"]
[Black "Praxmarer, Christian"]
[Result "1-0"]
[ECO "A13"]
[WhiteElo "2165"]
[BlackElo "1906"]
[Annotator "RC"]
[PlyCount "49"]
[EventDate "2022.07.09"]
[EventType "swiss"]
[EventCountry "AUT"]
[SourceTitle "playchess.com"]
[Source "ChessBase"]
[SourceQuality "1"]
[TimeControl "40/5400+30:1800+30"]

1. c4 e6 2. g3 f5 3. Nc3 Nf6 4. Bg2 Bb4 5. Qb3 Bxc3 6. Qxc3 O-O 7. Nf3 d6 8. O-O Nc6 9. d3 Qe8 10. b4 Qh5 11. b5 Ne5 12. Nxe5 dxe5 13. Re1 e4 14. h3 Rf7 15. dxe4 Nxe4 16. Qe5 Qg6 17. Bb2 Bd7 18. Rad1 Re8 19. Rd4 c5 20. Rd3 Bc8 21. Red1 b6 22. Rd8 Rff8 23. Qc7 Qg5 24. h4 Qe7 25. Rxc8 1-0

[Event "41st Jacques-Lemans-Open 2022"]
[Site "St. Veit/Glan"]
[Date "2022.07.10"]
[Round "2.31"]
[White "Schwab, Lukas"]
[Black "Holzbauer, Johannes"]
[Result "1-0"]
[ECO "B16"]
[WhiteElo "2166"]
[BlackElo "1917"]
[Annotator "RC"]
[PlyCount "93"]
[EventDate "2022.07.09"]
[EventType "swiss"]
[EventCountry "AUT"]
[SourceTitle "playchess.com"]
[Source "ChessBase"]
[SourceQuality "1"]
[TimeControl "40/5400+30:1800+30"]

1. e4 c6 2. d4 d5 3. Nc3 dxe4 4. Nxe4 Nf6 5. Nxf6+ gxf6 6. c3 Qd5 7. Ne2 h5 8. Nf4 Qe4+ 9. Be3 Qf5 10. Bd3 Qa5 11. b4 Qc7 12. Nxh5 Bh6 13. Bxh6 Rxh6 14. Ng3 a5 15. a3 Be6 16. h4 Nd7 17. Qc1 Rh8 18. Nf5 Bxf5 19. Bxf5 e6 20. Be4 O-O-O 21. bxa5 Qxa5 22. Qb2 Nb6 23. Qb4 Qxb4 24. axb4 Kc7 25. g3 f5 26. Bf3 e5 27. dxe5 Rd3 28. Be2 Rxc3 29. Kd2 Rb3 30. Rhb1 Rxb1 31. Rxb1 f4 32. h5 f3 33. Bxf3 Nc4+ 34. Kc3 Nxe5 35. Be2 f5 36. Rh1 Nf7 37. Bd3 Nh6 38. Rh4 Kd6 39. Rd4+ Ke6 40. f3 b6 41. Bc4+ Ke7 42. Rd2 Rc8 43. Re2+ Kf6 44. Re6+ Kg5 45. f4+ Kxh5 46. Be2+ Ng4 47. Rf6 1-0

[Event "41st Jacques-Lemans-Open 2022"]
[Site "St. Veit/Glan"]
[Date "2022.07.10"]
[Round "2.32"]
[White "Nitsche, Nikolai"]
[Black "Feinig, Mario"]
[Result "0-1"]
[ECO "A96"]
[WhiteElo "1764"]
[BlackElo "2141"]
[Annotator "RC"]
[PlyCount "112"]
[EventDate "2022.07.09"]
[EventType "swiss"]
[EventCountry "AUT"]
[SourceTitle "playchess.com"]
[Source "ChessBase"]
[SourceQuality "1"]
[TimeControl "40/5400+30:1800+30"]

1. g3 f5 2. Bg2 Nf6 3. c4 d6 4. d4 e6 5. Nf3 Be7 6. O-O O-O 7. Nc3 Ne4 8. Qc2 Nxc3 9. Qxc3 a5 10. b3 Nc6 11. Bb2 Bf6 12. a3 e5 13. Rad1 e4 14. Ne1 Nxd4 15. Rxd4 c5 16. Nc2 cxd4 17. Nxd4 Qe7 18. Rd1 Bd7 19. e3 Be5 20. a4 b6 21. Qd2 Rad8 22. Ba3 Qf6 23. Bf1 Be8 24. Nb5 Bh5 25. Qd5+ Qf7 26. Rd2 Qxd5 27. cxd5 Rf7 28. Bb2 Rfd7 29. Bd4 Rb7 30. Rc2 Be8 31. Bc4 Bxb5 32. Bxb5 Bxd4 33. exd4 Kf7 34. Rc6 Ke7 35. Ba6 Rbb8 36. Kf1 Rd7 37. Bc8 Ra7 38. Bxf5 b5 39. axb5 Rxb5 40. Rc3 Rab7 41. Bxe4 Rxb3 42. Rc1 g6 43. Ra1 Ra7 44. h4 a4 45. Ke2 a3 46. f3 Rc7 47. Kf2 Rcc3 48. Kg2 Rb2+ 49. Kh3 a2 50. Kg4 Kf6 51. h5 Rc4 52. hxg6 hxg6 53. Kh4 Rxd4 54. Kg4 g5 55. Kh3 Rbd2 56. Kg4 Rh2 0-1

[Event "41st Jacques-Lemans-Open 2022"]
[Site "St. Veit/Glan"]
[Date "2022.07.10"]
[Round "2.33"]
[White "Wegerer, Fred"]
[Black "Burbach, Brunel Baron"]
[Result "0-1"]
[ECO "A20"]
[WhiteElo "2137"]
[BlackElo "1820"]
[Annotator "RC"]
[PlyCount "102"]
[EventDate "2022.07.09"]
[EventType "swiss"]
[EventCountry "AUT"]
[SourceTitle "playchess.com"]
[Source "ChessBase"]
[SourceQuality "1"]
[TimeControl "40/5400+30:1800+30"]

1. c4 e5 2. e3 Nc6 3. Nc3 f5 4. a3 a5 5. d4 e4 6. Nge2 Nf6 7. Nf4 d6 8. h4 g6 9. Be2 Bg7 10. h5 g5 11. h6 gxf4 12. hxg7 Rg8 13. Bh5+ Ke7 14. exf4 Rxg7 15. d5 Nb8 16. g3 Na6 17. Be2 c5 18. Be3 Bd7 19. Qc2 Qg8 20. O-O-O b6 21. Rh6 Rg6 22. Rh2 Qg7 23. Rdh1 h6 24. Bd2 Nc7 25. Bh5 Nxh5 26. Rxh5 Ne8 27. Nd1 Nf6 28. Bc3 Qf8 29. R5h4 b5 30. cxb5 Nxd5 31. Qd2 Nb6 32. Ne3 Bxb5 33. Nd5+ Nxd5 34. Qxd5 Rb8 35. Rh5 Bd7 36. Bxa5 Qf6 37. Bc3 Qe6 38. Qd1 Rf8 39. Re1 d5 40. Be5 d4 41. Qc2 Rc8 42. Kb1 Bb5 43. Ka1 Be8 44. Kb1 Bf7 45. Kc1 Rgg8 46. Rh3 Rgd8 47. Kd2 c4 48. Qa4 c3+ 49. Kd1 Qb3+ 50. Qxb3 Bxb3+ 51. Kc1 d3 0-1

[Event "41st Jacques-Lemans-Open 2022"]
[Site "St. Veit/Glan"]
[Date "2022.07.10"]
[Round "2.34"]
[White "Bethke, Robert"]
[Black "Bajorski, Marius"]
[Result "1/2-1/2"]
[ECO "D37"]
[WhiteElo "2070"]
[BlackElo "1870"]
[Annotator "NA RC"]
[PlyCount "56"]
[EventDate "2022.07.09"]
[EventType "swiss"]
[EventCountry "AUT"]
[SourceTitle "playchess.com"]
[Source "ChessBase"]
[SourceQuality "1"]
[TimeControl "40/5400+30:1800+30"]

1. d4 d5 2. c4 e6 3. Nc3 Nf6 4. Nf3 Be7 5. e3 O-O 6. Be2 dxc4 7. O-O c5 8. Bxc4 cxd4 9. exd4 Nc6 10. a3 b6 11. b4 Bb7 12. Bb2 Rc8 13. Qd3 Qc7 14. Bb3 Rfd8 15. Rfe1 Bf8 16. Rad1 Ne7 17. Ng5 Ned5 18. Nce4 Nxe4 19. Qxe4 g6 20. Qh4 h6 21. Ne4 Bg7 22. Bc1 Qe7 23. Qg3 Nf6 24. Nxf6+ Qxf6 25. Bb2 Bd5 26. h3 Qf5 27. Re2 Bxb3 28. Qxb3 Qd5 1/2-1/2

[Event "41st Jacques-Lemans-Open 2022"]
[Site "St. Veit/Glan"]
[Date "2022.07.10"]
[Round "2.35"]
[White "Kempe, Caius Emilian"]
[Black "Reisenhofer, Maximilian"]
[Result "1-0"]
[ECO "D86"]
[WhiteElo "1877"]
[BlackElo "2051"]
[Annotator "RC"]
[PlyCount "142"]
[EventDate "2022.07.09"]
[EventType "swiss"]
[EventCountry "AUT"]
[SourceTitle "playchess.com"]
[Source "ChessBase"]
[SourceQuality "1"]
[TimeControl "40/5400+30:1800+30"]

1. d4 Nf6 2. c4 g6 3. Nc3 d5 4. cxd5 Nxd5 5. e4 Nxc3 6. bxc3 Bg7 7. Bc4 c5 8. Ne2 O-O 9. O-O Nc6 10. Be3 Bg4 11. f3 Bd7 12. Rb1 Qc7 13. Nf4 cxd4 14. Nd5 Qd8 15. cxd4 e6 16. Nc3 Rc8 17. Qd3 Na5 18. Bb5 Bxb5 19. Nxb5 a6 20. Na7 Rc4 21. Rfd1 b5 22. d5 Rc3 23. Qe2 exd5 24. Rxd5 Qc7 25. a4 Nc4 26. Bf2 Na3 27. Rbd1 bxa4 28. Qxa6 Rc1 29. Qxa4 Rxd1+ 30. Rxd1 Qc2 31. Qxc2 Nxc2 32. Bc5 Ra8 33. g4 Bd4+ 34. Rxd4 Nxd4 35. Bxd4 Rd8 36. Bf2 f6 37. Nc6 Rd1+ 38. Kg2 Kf7 39. Nd4 Ra1 40. h4 Ra2 41. Kg3 Ra5 42. Ne2 h6 43. Be3 h5 44. gxh5 Rxh5 45. Kg4 f5+ 46. Kg3 fxe4 47. fxe4 Ra5 48. Bg5 Ra4 49. Kf4 Ke6 50. Ng3 Rb4 51. Kg4 Ra4 52. Bf4 Kf6 53. Be3 Ra5 54. Ne2 Ke5 55. Ng3 Ke6 56. Kf4 Rb5 57. Bd4 Rb4 58. Bg7 Rb7 59. Bc3 Rf7+ 60. Kg4 Rc7 61. Ne2 Rc5 62. Nf4+ Kf7 63. Bh8 Rc8 64. Bb2 Rc2 65. Ba3 Ra2 66. Bd6 Ra1 67. e5 Rg1+ 68. Kf3 Rd1 69. Bc5 Rc1 70. e6+ Ke8 71. Be3 Rc6 1-0

[Event "41st Jacques-Lemans-Open 2022"]
[Site "St. Veit/Glan"]
[Date "2022.07.10"]
[Round "2.36"]
[White "Oberberger, Guenther"]
[Black "Hinteregger, Arthur"]
[Result "1/2-1/2"]
[ECO "B52"]
[WhiteElo "1769"]
[BlackElo "1993"]
[Annotator "NA RC"]
[PlyCount "47"]
[EventDate "2022.07.09"]
[EventType "swiss"]
[EventCountry "AUT"]
[SourceTitle "playchess.com"]
[Source "ChessBase"]
[SourceQuality "1"]
[TimeControl "40/5400+30:1800+30"]

1. e4 c5 2. Nf3 d6 3. Bb5+ Bd7 4. Bxd7+ Qxd7 5. O-O Nf6 6. Re1 Nc6 7. c3 e6 8. d4 cxd4 9. cxd4 Be7 10. Nc3 O-O 11. Bg5 h6 12. Be3 d5 13. e5 Ne8 14. Nd2 f5 15. f4 Nc7 16. Qh5 Qe8 17. Qxe8 Rfxe8 18. a3 Rac8 19. Rac1 a6 20. Nb3 Kf7 21. h3 Rg8 22. Kh2 g5 23. g3 gxf4 24. gxf4 1/2-1/2

[Event "41st Jacques-Lemans-Open 2022"]
[Site "St. Veit/Glan"]
[Date "2022.07.10"]
[Round "3.1"]
[White "Vojinov, Danijel"]
[Black "Bosiocic, Marin"]
[Result "0-1"]
[ECO "A00"]
[WhiteElo "2201"]
[BlackElo "2549"]
[Annotator "TA"]
[PlyCount "76"]
[EventDate "2022.07.09"]
[EventType "swiss"]
[EventCountry "AUT"]
[SourceTitle "playchess.com"]
[Source "ChessBase"]
[SourceQuality "1"]
[TimeControl "40/5400+30:1800+30"]

1. b4 e5 2. Bb2 Bxb4 3. Bxe5 Nf6 4. c3 Be7 5. d4 d5 6. Bxf6 {[%emt 0:01:12] A00: Irregular Openings.} Bxf6 7. e3 c5 8. Bd3 {[%emt 0:02:30] [#] Black has an edge.} Qb6 $146 ({Predecessor:} 8... O-O 9. Ne2 Nc6 10. h3 c4 11. Bc2 b5 12. a3 Bg5 13. Nd2 f5 14. O-O Qd6 {½-½ (47) Nicklich,W (2242)-Zakharov,O (2247) ICCF email 2011}) 9. Nd2 Nc6 10. Ne2 Bg4 11. Rb1 Qc7 12. h3 Bh5 13. g4 Bg6 14. Bxg6 hxg6 15. Nf4 Rd8 16. Qf3 Ne7 17. O-O b6 18. e4 (18. a4 $11) 18... Bg5 (18... cxd4 $15 19. cxd4 dxe4 20. Nxe4 (20. Qxe4 $2 Rxd4 21. Qa8+ Rd8 $19) 20... Bxd4) 19. e5 $11 Bxf4 (19... Rc8 $5 20. Qg3 Bxf4 21. Qxf4 Rxh3 $11) 20. Qxf4 Rxh3 21. Nf3 $1 f6 {[%emt 0:19:18] [#] Against Ng5. And now ...g5 would win.} 22. Kg2 g5 23. Qe3 Rh8 {[%emt 0:04:44] ...Kf7 is the strong threat.} 24. Rbe1 Kf8 {[%emt 0:07:36] aiming for ...Ng6.} 25. exf6 $2 {[%emt 0:05:17] This move loses the game for White.} (25. Rh1 $1 $11 {and White is okay.} Rxh1 26. Rxh1) 25... gxf6 $19 26. Qe6 $2 (26. Rh1 {was necessary.} Rxh1 27. Kxh1) 26... Rd6 27. Qe3 Ng6 $40 {[%emt 0:00:55][%mdl 128] White is in trouble.} (27... Qd7 $142 28. Kg3 Ng6 29. dxc5 {[#]} Nf4 $1) 28. Rh1 Rxh1 {[%emt 0:06:08] Dancing on a razor blade.} ({Weaker is} 28... Kg7 29. Rxh8 Kxh8 30. Kf1) 29. Kxh1 Kg7 30. Kg2 (30. Kg1 {is a better defense.}) 30... Qc8 31. Kg3 Rd8 {[%emt 0:00:25] Prevents Qe8.} 32. dxc5 bxc5 33. Rb1 (33. Nd2 $142 Rh8 34. Nf1) 33... Rh8 (33... Re8 $142 34. Qc1 Qc7+ 35. Kg2 Nf4+ 36. Kf1 Qc8 37. Qxf4 gxf4) 34. Rb5 Nf4 (34... Qc7+ $142 35. Kg2 Qd7) 35. Qe7+ Kg6 36. Ng1 {[%emt 0:00:32] Prevents Rh3+.} Rh1 {[%emt 0:00:52] Black mates.} 37. Rb1 Qh8 38. Kf3 Rh3+ {[%emt 0:00:14] Weighted Error Value: White=0.71/Black=0.51} 0-1

[Event "41st Jacques-Lemans-Open 2022"]
[Site "St. Veit/Glan"]
[Date "2022.07.10"]
[Round "3.2"]
[White "Rogic, Davor"]
[Black "Manhardt, Thomas"]
[Result "1-0"]
[ECO "B33"]
[WhiteElo "2474"]
[BlackElo "2227"]
[Annotator "RC"]
[PlyCount "99"]
[EventDate "2022.07.09"]
[EventType "swiss"]
[EventCountry "AUT"]
[SourceTitle "playchess.com"]
[Source "ChessBase"]
[SourceQuality "1"]
[TimeControl "40/5400+30:1800+30"]

1. e4 c5 2. Nf3 Nc6 3. d4 cxd4 4. Nxd4 Nf6 5. Nc3 e5 6. Ndb5 d6 7. Bg5 a6 8. Na3 Be6 9. Nc4 Rb8 10. Bd3 Be7 11. Bxf6 Bxf6 12. O-O O-O 13. Ne3 Bg5 14. Ned5 b5 15. b4 Rc8 16. Rb1 Ne7 17. a4 Bxd5 18. Nxd5 Nxd5 19. exd5 Qb6 20. axb5 axb5 21. Qe2 Rb8 22. Ra1 Qd4 23. Rfb1 Qxd5 24. Ra5 Rfc8 25. Qg4 Bd8 26. Rxb5 Qe6 27. Qe4 g6 28. Rxb8 Rxb8 29. Bc4 Qf6 30. Rb3 Qf4 31. Qxf4 exf4 32. Bd5 Kg7 33. c4 Bb6 34. Rf3 g5 35. g3 f5 36. gxf4 g4 37. Rd3 Kf6 38. Bc6 Ke6 39. Rd2 Ba7 40. b5 Bc5 41. Re2+ Kf6 42. Bd5 h5 43. Re6+ Kg7 44. Kg2 h4 45. f3 Rd8 46. fxg4 fxg4 47. f5 Kh7 48. Re4 Kh6 49. Rxg4 Rf8 50. Be4 1-0

[Event "41st Jacques-Lemans-Open 2022"]
[Site "St. Veit/Glan"]
[Date "2022.07.10"]
[Round "3.3"]
[White "Frank, Emanuel"]
[Black "Praznik, Niko"]
[Result "1/2-1/2"]
[ECO "A42"]
[WhiteElo "2160"]
[BlackElo "2325"]
[Annotator "RC"]
[PlyCount "75"]
[EventDate "2022.07.09"]
[EventType "swiss"]
[EventCountry "AUT"]
[SourceTitle "playchess.com"]
[Source "ChessBase"]
[SourceQuality "1"]
[TimeControl "40/5400+30:1800+30"]

1. d4 g6 2. c4 Bg7 3. Nc3 d6 4. e4 Nc6 5. d5 Nd4 6. Be3 c5 7. Nge2 Qb6 8. Na4 Qa5+ 9. Bd2 Qa6 10. Nxd4 Bxd4 11. Nc3 Bd7 12. Bd3 Bg7 13. O-O Nf6 14. f4 O-O 15. h3 e6 16. Qf3 exd5 17. exd5 h6 18. g4 Qb6 19. Rab1 Rae8 20. Kh1 Nh7 21. f5 g5 22. Ne4 Nf6 23. Ng3 Qd8 24. Bc3 a6 25. Bc2 b5 26. b3 b4 27. Bxf6 Bxf6 28. Ne4 Bc8 29. Rbe1 Kg7 30. Re2 Re5 31. Rfe1 Rfe8 32. Qg3 a5 33. Kg2 Ba6 34. Qd3 Bc8 35. Qf3 Ba6 36. Qd3 Bc8 37. Qf3 Ba6 38. Qd3 1/2-1/2

[Event "41st Jacques-Lemans-Open 2022"]
[Site "St. Veit/Glan"]
[Date "2022.07.10"]
[Round "3.4"]
[White "Miazhynski, Yuri"]
[Black "Hresc, Vladimir"]
[Result "1-0"]
[ECO "C54"]
[WhiteElo "2166"]
[BlackElo "2308"]
[Annotator "RC"]
[PlyCount "71"]
[EventDate "2022.07.09"]
[EventType "swiss"]
[EventCountry "AUT"]
[SourceTitle "playchess.com"]
[Source "ChessBase"]
[SourceQuality "1"]
[TimeControl "40/5400+30:1800+30"]

1. e4 e5 2. Nf3 Nc6 3. Bc4 Bc5 4. c3 Nf6 5. d3 d6 6. O-O h6 7. b4 Bb6 8. a4 a5 9. b5 Ne7 10. Be3 Bxe3 11. fxe3 Be6 12. Bxe6 fxe6 13. Qb3 Qd7 14. Nbd2 Ng6 15. d4 O-O 16. Qc2 c6 17. Rab1 Qc7 18. bxc6 bxc6 19. dxe5 dxe5 20. c4 Qa7 21. c5 Rab8 22. Qc4 Kf7 23. Qc3 Rxb1 24. Rxb1 Nd7 25. Nb3 Rb8 26. Rf1 Ke8 27. h4 Rb4 28. h5 Ngf8 29. Nfd2 Qa6 30. Rc1 Rxa4 31. Nc4 Ra2 32. Nbxa5 Ke7 33. Rf1 Qb5 34. Rf7+ Kd8 35. Qd3 Ra1+ 36. Kh2 1-0

[Event "41st Jacques-Lemans-Open 2022"]
[Site "St. Veit/Glan"]
[Date "2022.07.10"]
[Round "3.5"]
[White "Kruckenhauser, Arthur"]
[Black "Lerch, Johannes"]
[Result "1/2-1/2"]
[ECO "C54"]
[WhiteElo "2303"]
[BlackElo "2222"]
[Annotator "RC"]
[PlyCount "39"]
[EventDate "2022.07.09"]
[EventType "swiss"]
[EventCountry "AUT"]
[SourceTitle "playchess.com"]
[Source "ChessBase"]
[SourceQuality "1"]
[TimeControl "40/5400+30:1800+30"]

1. e4 e5 2. Nf3 Nc6 3. Bc4 Bc5 4. c3 Nf6 5. d3 d6 6. O-O O-O 7. Bb3 h6 8. Re1 Re8 9. Nbd2 a6 10. Nf1 Ba7 11. Ng3 Ne7 12. h3 Ng6 13. d4 c6 14. Bc2 Qc7 15. Be3 Be6 16. Qd2 Kh7 17. Nf5 Ne7 18. g4 Bxf5 19. exf5 Ned5 20. Bb3 1/2-1/2

[Event "41st Jacques-Lemans-Open 2022"]
[Site "St. Veit/Glan"]
[Date "2022.07.10"]
[Round "3.6"]
[White "Schwab, Rene"]
[Black "Huber, Benedikt"]
[Result "1/2-1/2"]
[ECO "C68"]
[WhiteElo "2124"]
[BlackElo "2289"]
[Annotator "RC"]
[PlyCount "69"]
[EventDate "2022.07.09"]
[EventType "swiss"]
[EventCountry "AUT"]
[SourceTitle "playchess.com"]
[Source "ChessBase"]
[SourceQuality "1"]
[TimeControl "40/5400+30:1800+30"]

1. e4 e5 2. Nf3 Nc6 3. Bb5 a6 4. Bxc6 dxc6 5. d4 exd4 6. Qxd4 Qxd4 7. Nxd4 Bd7 8. Be3 O-O-O 9. Nd2 Re8 10. f3 c5 11. Ne2 f5 12. Kf2 Nf6 13. Ng3 fxe4 14. Ndxe4 Nxe4+ 15. Nxe4 Bf5 16. Ng3 Bxc2 17. Rac1 Bg6 18. Bxc5 Bxc5+ 19. Rxc5 Re7 20. Rd1 Rd8 21. Rxd8+ Kxd8 22. Nf5 Bxf5 23. Rxf5 b6 24. Rd5+ Kc8 25. f4 Rd7 26. Rxd7 Kxd7 27. Ke3 Ke6 28. Ke4 g6 29. g4 c6 30. Kd4 a5 31. a3 Kf6 32. Ke4 Ke6 33. Kd4 Kf6 34. Ke4 Ke6 35. Kd4 1/2-1/2

[Event "41st Jacques-Lemans-Open 2022"]
[Site "St. Veit/Glan"]
[Date "2022.07.10"]
[Round "3.7"]
[White "Windhager, Hannes"]
[Black "Besner, Bernhard"]
[Result "1-0"]
[ECO "B01"]
[WhiteElo "2244"]
[BlackElo "2164"]
[Annotator "RC"]
[PlyCount "73"]
[EventDate "2022.07.09"]
[EventType "swiss"]
[EventCountry "AUT"]
[SourceTitle "playchess.com"]
[Source "ChessBase"]
[SourceQuality "1"]
[TimeControl "40/5400+30:1800+30"]

1. e4 d5 2. exd5 Qxd5 3. Nc3 Qa5 4. d4 Nf6 5. Nf3 Bf5 6. Bc4 e6 7. Bd2 Bb4 8. a3 Bxc3 9. Bxc3 Qb6 10. d5 Nbd7 11. O-O O-O 12. dxe6 Bxe6 13. Bxe6 Qxe6 14. Re1 Qf5 15. Nh4 Qg5 16. g3 Rfe8 17. Qf3 c6 18. Nf5 Rxe1+ 19. Rxe1 Re8 20. Rxe8+ Nxe8 21. h4 Qc1+ 22. Kg2 Ndf6 23. Qe2 g6 24. Ne7+ Kf8 25. Nc8 Nd5 26. Bd2 Qxb2 27. c4 Qd4 28. Bh6+ Ng7 29. cxd5 Qxd5+ 30. Kh2 Qe6 31. Qb2 Qxc8 32. Qxg7+ Ke7 33. Bg5+ Ke6 34. Qf6+ Kd5 35. Qxf7+ Kc5 36. Be3+ Kd6 37. Qxh7 1-0

[Event "41st Jacques-Lemans-Open 2022"]
[Site "St. Veit/Glan"]
[Date "2022.07.10"]
[Round "3.8"]
[White "Grafenberger, Dieter"]
[Black "Riemelmoser, Franz"]
[Result "0-1"]
[ECO "B40"]
[WhiteElo "1879"]
[BlackElo "2237"]
[Annotator "RC"]
[PlyCount "70"]
[EventDate "2022.07.09"]
[EventType "swiss"]
[EventCountry "AUT"]
[SourceTitle "playchess.com"]
[Source "ChessBase"]
[SourceQuality "1"]
[TimeControl "40/5400+30:1800+30"]

1. d4 e6 2. Nf3 c5 3. e4 cxd4 4. c3 Nf6 5. e5 Nd5 6. Nxd4 Qc7 7. Be2 Qxe5 8. O-O Nc6 9. Nf3 Qc7 10. Bc4 Nf6 11. Bg5 Be7 12. Nbd2 d5 13. Bb3 h6 14. Bh4 Nh5 15. Bxe7 Nxe7 16. Nd4 Nf6 17. Bc2 O-O 18. f4 Nc6 19. g3 Nxd4 20. cxd4 Qb6 21. Nb3 Bd7 22. Nc5 Qxb2 23. Rf3 Qb6 24. Rb3 Qd6 25. Nxb7 Qe7 26. Nc5 Rab8 27. Rab1 Rxb3 28. Rxb3 Bc6 29. Qd3 Ne4 30. a4 g6 31. Nxe4 dxe4 32. Qa6 Bd5 33. Re3 Qb4 34. Qe2 Qxd4 35. Kg2 Rb8 0-1

[Event "41st Jacques-Lemans-Open 2022"]
[Site "St. Veit/Glan"]
[Date "2022.07.10"]
[Round "3.9"]
[White "Moeller, Dustin"]
[Black "Higatsberger, Michael"]
[Result "1/2-1/2"]
[ECO "D30"]
[WhiteElo "2237"]
[BlackElo "2021"]
[Annotator "RC"]
[PlyCount "97"]
[EventDate "2022.07.09"]
[EventType "swiss"]
[EventCountry "AUT"]
[SourceTitle "playchess.com"]
[Source "ChessBase"]
[SourceQuality "1"]
[TimeControl "40/5400+30:1800+30"]

1. d4 d5 2. c4 e6 3. Nf3 c5 4. cxd5 exd5 5. g3 Nc6 6. Bg2 Nf6 7. O-O Be7 8. dxc5 Bxc5 9. a3 O-O 10. b4 Be7 11. Nc3 h6 12. Bb2 Re8 13. Nd4 Bf8 14. Rc1 Ne5 15. Qb3 Nc4 16. Rfd1 Nxb2 17. Qxb2 Bg4 18. h3 Bh5 19. Nf5 Bg6 20. Ne3 d4 21. Nb5 Rxe3 22. fxe3 Qe8 23. Nxd4 Qxe3+ 24. Kh2 Bd6 25. Nf3 Ne4 26. Rxd6 Nxd6 27. Rd1 Nc4 28. Qd4 Qxd4 29. Rxd4 Nxa3 30. Ne5 Nc2 31. Rd7 Nxb4 32. Nxg6 fxg6 33. Rxb7 Na6 34. Bd5+ Kh7 35. e4 Re8 36. Kg2 Nc5 37. Rb4 Re7 38. Kf3 Nd3 39. Ra4 g5 40. Ke3 Ne5 41. Kd4 g6 42. Kc5 Kg7 43. Ra6 h5 44. Kd6 Kf6 45. Ra1 Rd7+ 46. Kc5 Rc7+ 47. Kd6 Rd7+ 48. Kc5 Rc7+ 49. Kd6 1/2-1/2

[Event "41st Jacques-Lemans-Open 2022"]
[Site "St. Veit/Glan"]
[Date "2022.07.10"]
[Round "3.10"]
[White "Schernthaner, David"]
[Black "Ernst, Robert"]
[Result "1/2-1/2"]
[ECO "B48"]
[WhiteElo "2319"]
[BlackElo "2001"]
[Annotator "RC"]
[PlyCount "94"]
[EventDate "2022.07.09"]
[EventType "swiss"]
[EventCountry "AUT"]
[SourceTitle "playchess.com"]
[Source "ChessBase"]
[SourceQuality "1"]
[TimeControl "40/5400+30:1800+30"]

1. e4 c5 2. Nf3 e6 3. d4 cxd4 4. Nxd4 Nc6 5. Nc3 Qc7 6. Be3 a6 7. Qd2 b5 8. O-O-O Nf6 9. f3 Bb4 10. Nb3 d5 11. a3 Bxc3 12. Qxc3 Bb7 13. Bg5 dxe4 14. Bxf6 Qf4+ 15. Kb1 Qxf6 16. Qxf6 gxf6 17. Nc5 Rd8 18. Be2 Bc8 19. Rxd8+ Kxd8 20. Nxe4 Ke7 21. Rd1 Rg8 22. Bf1 f5 23. Nc5 Rd8 24. Rxd8 Nxd8 25. Kc1 Kd6 26. b4 e5 27. Kd2 Ne6 28. Nxe6 Bxe6 29. Bd3 h6 30. g3 f6 31. Ke3 Kc6 32. c3 Kd6 33. Bc2 Kc6 34. f4 Kd6 35. a4 Bd7 36. a5 Be6 37. Bd1 Bd5 38. Be2 Kc6 39. Bd3 Be6 40. h3 h5 41. Be2 Bf7 42. Bf3+ Kc7 43. h4 Kb8 44. Be2 Kc7 45. Bd3 Be6 46. Bc2 Kc6 47. Bd1 Bf7 1/2-1/2